 Dungeon Crawl Stone Soup version 0.30-a0-718-geaa24f58ff (webtiles) character file.

Game seed: 12376478486767356607

560 Absynth the Insei (level 7, -3/57 HPs)
             Began as a Naga Transmuter on Jan 25, 2023.
             Slain by Grinder (4 damage)
             ... on level 5 of the Dungeon.
             The game lasted 00:11:48 (4012 turns).

Absynth the Insei (Naga Transmuter)                 Turns: 4012, Time: 00:11:48

Health: -3/57      AC:  4    Str: 12    XL:     7   Next: 31%
Magic:  9/11       EV: 10    Int: 14    God:
Gold:   309        SH:  5    Dex: 13    Spells: 5/12 levels left

rFire   . . .      SeeInvis +      - Unarmed
rCold   . . .      Faith    .    (no shield)
rNeg    . . .      Spirit   .    c - +0 robe
rPois   +          Reflect  +    (helmet currently unavailable)
rElec   .          Harm     .    (no cloak)
rCorr   .          Rampage  .    l - +0 pair of gloves
Will    .....                    (no barding)
Stlth   +                        q - amulet of reflection
HPRegen 0.29/turn                (no ring)
MPRegen 0.12/turn                (no ring)

@: appendages, wereblooded, very slow
A: horns 2, AC +2, large, see invisible, deformed body, poison resistance,
slowness 2, spit poison 1, naga tail 1
a: Spit Poison, End Transformation


You were on level 5 of the Dungeon.
You had temporarily grown beastly horns.
You visited 1 branch of the dungeon, and saw 6 of its levels.

You collected 309 gold pieces.

Inventory:

Hand Weapons
 a - a +0 sling
Missiles
 u - 5 datura-tipped darts
Armour
 c - a +0 robe (worn)
 d - a scarf of harm
 l - a +0 pair of gloves (worn)
 w - an orb of guile
Jewellery
 q - an amulet of reflection (around neck)
Wands
 x - a wand of charming (3)
Scrolls
 g - 3 scrolls of identify {unknown}
 i - a scroll of magic mapping {unknown}
 j - 2 scrolls of torment {unknown}
 k - 3 scrolls of teleportation {unknown}
 m - 3 scrolls of poison {unknown}
 n - a scroll of noise {unknown}
 o - a scroll of blinking {unknown}
 s - 2 scrolls of amnesia {unknown}
 v - a scroll of fear {unknown}
 y - a scroll of silence {unknown}
Potions
 b - a potion of lignification
 e - 2 potions of attraction {unknown}
 f - a potion of curing {unknown}
 h - a potion of invisibility {unknown}
 p - a potion of heal wounds
 r - 2 potions of magic {unknown}
 t - a potion of ambrosia {unknown}
 z - a potion of mutation {unknown}


   Skills:
 - Level 1.0 Fighting
 - Level 2.9 Dodging
 + Level 5.0 Unarmed Combat
 - Level 3.2 Spellcasting
 + Level 4.7 Transmutations
 * Level 1.3 Ice Magic


You had 5 spell levels left.
You knew the following spells:

 Your Spells              Type           Power      Damage    Failure   Level
a - Beastly Appendage     Tmut           30%        N/A       3%          1
i - Ice Form              Ice/Tmut       10%        N/A       52%         4
w - Wereblood             Tmut           15%        N/A       4%          2

Your spell library contained the following spells:

 Spells                   Type           Power      Damage    Failure   Level
 Spider Form              Tmut/Pois      8%         N/A       24%         3
 Borgnjor's Revivificati  Necr           1%         N/A       100%        8
 Necromutation            Tmut/Necr      4%         N/A       100%        8
 Death's Door             Necr           1%         N/A       100%        9


Dungeon Overview and Level Annotations

Branches:
Dungeon (6/15)
 Temple: D:4-7

Altars:
Fedhas
Hepliaklqana
Zin

Shops:
D:1 (

Annotations:
D:5 Grinder


Innate Abilities, Weirdness & Mutations

You have temporarily grown beastly horns.
Your serpentine skin is tough. (AC +2)
You have supernaturally acute eyesight. (SInv)
Armour fits poorly on your strangely shaped body.
Your system is resistant to poisons. (rPois)
You cover ground very slowly.
You can spit poison.
You have a snake-like lower body.


Message History

The gnoll is moderately wounded.
You barely miss the gnoll.
The gnoll is moderately wounded.
You block the gnoll's attack.
You hit the gnoll but do no damage.
The gnoll is moderately wounded.
Grinder hits you.
You writhe in agony.
The gnoll hits you with a +0 club.
You closely miss Grinder. You headbutt Grinder!
Grinder is lightly wounded.
The gnoll hits you with a +0 club. Grinder hits you.
* * * LOW HITPOINT WARNING * * *
You closely miss Grinder.
Grinder is lightly wounded.
The gnoll completely misses you. You block Grinder's attack.
You closely miss Grinder.
Grinder is lightly wounded.
The gnoll hits you with a +0 club.
* * * LOW HITPOINT WARNING * * *
Grinder barely misses you.
You hit Grinder.
Grinder is lightly wounded.
The gnoll closely misses you. Grinder gestures at you.
You resist with significant effort.
You barely miss Grinder.
Grinder is lightly wounded.
The gnoll hits you with a +0 club.
* * * LOW HITPOINT WARNING * * *
Grinder gestures at you. Pain shoots through your body!
* * * LOW HITPOINT WARNING * * *
You hit Grinder.
Grinder is moderately wounded.
The gnoll barely misses you. Grinder barely misses you.
You hit Grinder but do no damage. You headbutt Grinder.
Grinder is moderately wounded.
The gnoll hits you with a +0 club.
* * * LOW HITPOINT WARNING * * *
Grinder hits you.
You die...

...........#
...............#
...............#
...............#
...............#
...............#
...............
.......>....$..
.......@)......
.......g5......
...............
...............
...............
...............
...............
...............#
..........g...#


You could see Grinder and a gnoll.

Vanquished Creatures
  A water moccasin (D:6)
  A scorpion (D:4)
  A wight (D:6)
  A howler monkey (D:4)
  2 orc priests (D:3)
  A gnoll bouda (D:4)
  2 iguanas
  2 gnolls
  4 adders
  A worm (D:3)
  3 dart slugs
  14 orcs
  7 ball pythons
  5 bats
  10 endoplasms
  2 giant cockroaches
  8 goblins
  10 hobgoblins
  8 jackals
  A quokka (D:2)
  6 kobolds
  2 rats (D:1)
92 creatures vanquished.

Vanquished Creatures (others)
  A kobold (D:4)
1 creature vanquished.

Grand Total: 93 creatures vanquished

Notes
Turn   | Place    | Note
-------+----------+-------------------------------------------
     0 | D:1      | Absynth the Naga Transmuter began the quest for the Orb.
     0 | D:1      | Reached XP level 1. HP: 18/18 MP: 3/3
   154 | D:1      | Reached XP level 2. HP: 25/25 MP: 5/5
   159 | D:1      | Found Gicekk's Antique Weapon Shoppe.
   867 | D:2      | Reached XP level 3. HP: 28/31 MP: 6/6
  1070 | D:2      | Found a hazy altar of Hepliaklqana.
  1236 | D:2      | Learned a level 2 spell: Wereblood
  1412 | D:3      | Reached XP level 4. HP: 37/38 MP: 5/7
  1847 | D:3      | Reached XP level 5. HP: 44/44 MP: 5/8
  2073 | D:3      | Reached skill level 4 in Unarmed Combat
  2276 | D:3      | You fall into a shaft and drop 3 floors!
  2348 | D:6      | Noticed a water moccasin
  2357 | D:6      | Killed a water moccasin
  2358 | D:6      | Reached XP level 6. HP: 26/51 MP: 8/10
  2462 | D:5      | Entered Level 5 of the Dungeon
  2682 | D:4      | Reached XP level 7. HP: 33/57 MP: 11/11
  3022 | D:3      | Learned a level 4 spell: Ice Form
  3607 | D:4      | Found a glowing silver altar of Zin.
  3832 | D:5      | Noticed Grinder
  3832 | D:5      | Found a blossoming altar of Fedhas.
  3864 | D:5      | Reached skill level 5 in Unarmed Combat
  3875 | D:5      | Reached skill level 1 in Ice Magic
  4012 | D:5      | HP: 1/57 [gnoll/+0 club[a gnoll bouda] (6)]
  4012 | D:5      | Slain by Grinder

Illustrated notes

Levels and vault maps discovered:
D:1:      dpeg_arrival_water_temple_mockup, layout_basic, serial_shops, shop
D:2:      layout_rooms, basic_altar
D:3:      cheibrodos_pilgrimage, layout_loops_ring
D:4:      layout_layer_cave, zin_scriptorium, st_stairs_11,
          chequers_decorated_corner
D:5:      layout_gridville, mainiacjoe_overflow_alcove_4,
          overflow_temple_1_default, uniq_grinder
D:6:      layout_loops_cross, lemuel_mausoleum_altar_kikubaaqudgha

Skill      XL: |  1  2  3  4  5  6  7 |
---------------+----------------------+-----
Dodging        | 2 |  2.9
Transmutations | 3 4 |  4.7
Unarmed Combat | 4 5 |  5.0
Spellcasting   | 3 |  3.2
Ice Magic      | 1 |  1.3
Fighting       | |  1.0

Action                     |  1- 3 |  4- 6 |  7- 9 || total
---------------------------+-------+-------+-------++-------
  Melee: Unarmed           |   105 |   152 |    98 ||   355
         Headbutt          |     8 |    32 |    18 ||    58
         Punch             |     1 |     3 |     7 ||    11
   Fire: Sling             |     7 |       |       ||     7
   Cast: Beastly Appendage |     9 |    14 |     8 ||    31
         Wereblood         |       |     1 |     2 ||     3
   Stab: Sleeping          |       |       |     1 ||     1
 Armour: Robe              |    27 |    33 |    18 ||    78
  Dodge: Dodged            |    43 |    78 |    38 ||   159
  Block: Other             |       |    23 |    25 ||    48
         Reflection        |       |       |     2 ||     2

Table legend: (Time is in decaauts)
 A = Elapsed time spent in this place.
 B = Non-inter-level travel time spent in this place.
 C = Inter-level travel time spent in this place.
 D = Time resting spent in this place.
 E = Time spent auto-exploring this place.
 F = Levels seen in this place.
 G = Mean time per level.
                   A        B        C        D        E       F      G
               +--------+--------+--------+--------+--------+-----+--------+
         Total |   4883 |   4741 |    142 |    836 |   2910 |   6 |  813.8 |
       Dungeon |   4883 |   4741 |    142 |    836 |   2910 |   6 |  813.8 |
               +--------+--------+--------+--------+--------+-----+--------+

Top non-repeatable levels by time:
     D:4: 1492 daAuts
     D:3: 1377 daAuts
     D:1: 1037 daAuts
     D:2: 694 daAuts
     D:6: 213 daAuts
     D:5: 68 daAuts
